 Dungeon Crawl Stone Soup version 0.28-a0-1415-g7c84da036a (webtiles) character file.

Game seed: 14554600044693913631

46 zap2161 the Charlatan (level 3, 0/26 HPs)
             Began as a Human Wanderer on Jan 7, 2022.
             Was a Follower of Vehumet.
             Succumbed to an adder's poison
             ... on level 2 of the Dungeon.
             The game lasted 00:07:30 (528 turns).

zap2161 the Charlatan (Human Wanderer)               Turns: 528, Time: 00:07:31

Health: 0/26       AC:  2    Str: 12    XL:     3   Next: 95%
Magic:  2/3        EV: 12    Int: 10    God:    Vehumet [*.....]
Gold:   43         SH:  0    Dex: 16    Spells: 1/2 levels left

rFire   . . .      SeeInvis .   a - +2 spear
rCold   . . .      Faith    .   (no shield)
rNeg    . . .      Spirit   .   d - +0 robe
rPois   .          Reflect  .   (no helmet)
rElec   .          Harm     .   (no cloak)
rCorr   .          Rampage  .   (no gloves)
Will    .....                   (no boots)
Stlth   +.........              (no amulet)
HPRegen 0.08/turn               l - +4 ring of slaying
MPRegen 0.08/turn               (no ring)

@: lethally poisoned (0 -> -4)
A: no striking features
a: Renounce Religion


You were on level 2 of the Dungeon.
You worshipped Vehumet.
Vehumet was aware of your devotion.
You visited 1 branch of the dungeon, and saw 2 of its levels.

You collected 43 gold pieces.

Inventory:

Hand Weapons
 a - a +2 spear (weapon)
 k - a +2 flail of holy wrath
Missiles
 e - 27 arrows
 h - 45 stones
Armour
 d - a +0 robe (worn)
 j - a +0 robe
Jewellery
 l - a +4 ring of slaying (left hand)
Wands
 c - a wand of flame (4) (quivered)
Scrolls
 b - a scroll of fog
 i - a scroll of identify {unknown}
Potions
 f - 2 potions of curing {unknown}
 g - a potion of mutation {unknown}


   Skills:
 * Level 1.5 Fighting
 * Level 3.8 Polearms
 * Level 1.0 Armour
 * Level 1.0 Dodging
 - Level 2.0 Unarmed Combat
 - Level 4.0 Evocations


You had one spell level left.
You knew the following spells:

 Your Spells              Type           Power      Damage    Failure   Level
a - Sandblast             Erth           0%         2d4       36%         1

Your spell library contained the following spells:

 Spells                   Type           Power      Damage    Failure   Level


Dungeon Overview and Level Annotations

Branches:
Dungeon (2/15)

Altars:
Vehumet


Message History

Press: ? - help, Dir - move target, f/p - adder
Aim: an adder (heavily wounded, about 45% to evade your +2 spear)
You closely miss the adder.
The adder is heavily wounded.
The adder closely misses you.
Reach: a) +2 spear
Press: ? - help, Dir - move target, f/p - adder
Aim: an adder (heavily wounded, about 45% to evade your +2 spear)
You barely miss the adder.
The adder is heavily wounded.
You feel sick. The adder closely misses you. The adder barely misses you.
Reach: a) +2 spear
Press: ? - help, Dir - move target, f/p - adder
Aim: an adder (moderately wounded, about 45% to evade your +2 spear)
You closely miss the adder.
The adder is moderately wounded.
You feel sick. The adder bites you.
You are more poisoned.
The adder poisons you!
Reach: a) +2 spear
Press: ? - help, Dir - move target, f/p - adder
Aim: an adder (moderately wounded, about 45% to evade your +2 spear)
You barely miss the adder.
The adder is moderately wounded.
* * * LOW HITPOINT WARNING * * *
You feel sick. The adder bites you.
* * * LOW HITPOINT WARNING * * *
Reach: a) +2 spear
Press: ? - help, Dir - move target, f/p - adder
Aim: an adder (moderately wounded, about 45% to evade your +2 spear)
You closely miss the adder.
The adder is moderately wounded.
* * * LOW HITPOINT WARNING * * *
You feel sick. The adder misses you.
Reach: a) +2 spear
Press: ? - help, Dir - move target, f/p - adder
Aim: an adder (moderately wounded, about 45% to evade your +2 spear)
You closely miss the adder.
The adder is moderately wounded.
You die...

... .># #.#
#.. # #.##
#.#.. #.#S#
#..@#
###.#######
#.......#
#.#####.#
#.#...#.#
#.#.#.#.#
#.#.#.#.#
#.#.#.#.#
#.#.#.#.#


You could see an adder.

Vanquished Creatures
  3 gnolls (D:2)
  2 bats (D:1)
  2 goblins (D:1)
  3 hobgoblins (D:1)
  3 kobolds (D:1)
  A ball python (D:1)
  2 frilled lizards
  3 rats (D:1)
19 creatures vanquished.

Notes
Turn   | Place    | Note
-------+----------+-------------------------------------------
     0 | D:1      | zap2161 the Human Wanderer began the quest for the Orb.
     0 | D:1      | zap2161 set off with the following items: a +2 spear, a
                  | scroll of fog, a wand of flame (7), a +0 robe
     0 | D:1      | Reached XP level 1. HP: 15/15 MP: 1/1
    97 | D:1      | Reached XP level 2. HP: 16/21 MP: 2/2
   273 | D:1      | Found a faded altar of an unknown god.
   286 | D:1      | Prayed at the altar of an unknown god.
   286 | D:1      | Became a worshipper of Vehumet
   286 | D:1      | Reached * piety under Vehumet
   286 | D:1      | Offered knowledge of Sandblast by Vehumet.
   289 | D:1      | Learned a level 1 spell: Sandblast
   445 | D:2      | Reached XP level 3. HP: 21/26 MP: 1/3
   451 | D:2      | Reached skill level 1 in Armour
   451 | D:2      | Reached skill level 1 in Dodging
   527 | D:2      | HP: 1/26 [poisoned by an adder]
   528 | D:2      | Succumbed to an adder's poison

Illustrated notes

Levels and vault maps discovered:
D:1:      grunt_arrival_crossed_arrows, layout_rooms,
          shapermc_ecumenical_altar_mp_highgroup
D:2:      layout_basic, minmay_pentomino_w4

Skill      XL: |  1  2  3 |
---------------+----------+-----
Armour         | 1 |  1.0
Dodging        | 1 |  1.0
Fighting       | |  1.5
Polearms       | |  3.8
Unarmed Combat | |  2.0
Evocations     | |  4.0

Action                   || total
-------------------------++-------
Melee: Spear             ||    64
 Cast: Sandblast         ||     1
Evoke: Wand              ||     3
 Stab: Sleeping          ||     2
Armor: Robe              ||     5
Dodge: Dodged            ||    29

Table legend: (Time is in decaauts)
 A = Elapsed time spent in this place.
 B = Non-inter-level travel time spent in this place.
 C = Inter-level travel time spent in this place.
 D = Time resting spent in this place.
 E = Time spent auto-exploring this place.
 F = Levels seen in this place.
 G = Mean time per level.
                   A        B        C        D        E       F      G
               +--------+--------+--------+--------+--------+-----+--------+
         Total |    522 |    522 |      0 |      0 |     88 |   2 |  261.0 |
       Dungeon |    522 |    522 |      0 |      0 |     88 |   2 |  261.0 |
               +--------+--------+--------+--------+--------+-----+--------+

Top non-repeatable levels by time:
     D:1: 435 daAuts
     D:2: 86 daAuts
